[Event "Titled Tuesday Blitz May 4 2021"]
[White "Hess, Robert"]
[Black "Rorrer, Grayson"]
[WhiteFideId "2022036"]
[BlackFideId "30944996"]
[WhiteElo "2557"]
[BlackElo "2428"]
[Result "1-0"]
[Round "02"]
[TimeControl "180+1"]
[Date "2021.05.04"]
[WhiteClock "0:00:09"]
[BlackClock "0:00:06"]

1. b3 e5 2. Bb2 Nc6 3. h3 d5 4. e3 Nf6 5. Bb5 e4 6. d3 Bd6 7. Nd2 exd3 8. cxd3 Bd7 9. d4 O-O 10. Ngf3 a6 11. Bd3 Re8 12. O-O Nb4 13. Be2 Bf5 14. a3 Nc6 15. b4 Ne4 16. Nxe4 Bxe4 17. Nd2 Bf5 18. Bg4 Qg5 19. Nf3 Bxg4 20. Nxg5 Bxd1 21. Rfxd1 h6 22. Nf3 a5 23. b5 Na7 24. a4 c6 25. bxc6 Nxc6 26. Ne1 Reb8 27. Bc3 b5 28. axb5 Rxb5 29. Nd3 Rab8 30. Kf1 Nb4 31. Ra4 Rc8 32. Bxb4 axb4 33. Ra6 Bf8 34. Rb1 b3 35. Rb2 f6 36. Ke2 Kf7 37. Kd2 Bb4+ 38. Nxb4 Rxb4 39. Ra3 Rcb8 40. Kc3 Rc4+ 41. Kd3 Rcb4 42. Ra7+ Kg6 43. Ra5 R4b5 44. Rxb5 Rxb5 45. Kc3 Kf5 46. Rxb3 Ra5 47. Rb2 Ra1 48. Kd3 Rd1+ 49. Ke2 Rg1 50. Kf3 g5 51. Rb5 Ke6 52. Rb6+ Ke7 53. Rb7+ Ke6 54. Rh7 f5 55. Rxh6+ Ke7 56. Rg6 1-0


[Site "https://www.chess.com"]

[Event "Titled Tuesday Blitz May 4 2021"]
[White "Hoffmann, Asa"]
[Black "Rosenberg, Evan S"]
[WhiteFideId "2001470"]
[BlackFideId "2019299"]
[WhiteElo "2117"]
[BlackElo "2123"]
[Result "0-1"]
[Round "02"]
[TimeControl "180+1"]
[Date "2021.05.04"]
[WhiteClock "0:00:39"]
[BlackClock "0:00:07"]

1. d4 Nf6 2. Bg5 d5 3. Nd2 h6 4. Bh4 c6 5. e3 Qb6 6. Rb1 Bf5 7. Ngf3 Nbd7 8. Be2 e6 9. O-O Bd6 10. c4 Qd8 11. c5 Bc7 12. b4 Bxb1 13. Qxb1 g5 14. Bg3 Bxg3 15. hxg3 Qe7 16. b5 O-O 17. a4 e5 18. Qb2 e4 19. Ne1 Rab8 20. Nc2 Rfc8 21. Nb4 Nf8 22. Nb3 Qc7 23. Rb1 Ne6 24. Qd2 Qd8 25. Rb2 Kg7 26. Qd1 Rc7 27. Qb1 cxb5 28. axb5 Rbc8 29. Ra2 a6 30. bxa6 bxa6 31. Nxa6 Ra7 32. Qa1 Rca8 33. c6 Nc7 34. Nbc5 Nxa6 35. Rxa6 Rxa6 36. Bxa6 Qb6 37. Qa4 Ne8 38. Qb5 Qxb5 39. Bxb5 Nc7 40. Be2 Ra1+ 41. Kh2 Ra2 42. Bg4 Rxf2 43. Bd7 Re2 44. Na4 Rxe3 45. Nb6 Rc3 46. Nc8 e3 47. Bg4 f5 48. Be2 Rxc6 49. Ne7 Rc2 50. Nxf5+ Kf6 51. Bg4 e2 52. Bxe2 Rxe2 53. g4 h5 54. Kg3 hxg4 55. Kxg4 Rxg2+ 56. Kf3 Kxf5 57. Kxg2 Ke4 58. Kg3 Kxd4 59. Kg4 Ke3 60. Kxg5 d4 61. Kf6 d3 0-1


[Site "https://www.chess.com"]

[Event "Titled Tuesday Blitz May 4 2021"]
[White "Holt, Conrad"]
[Black "Garcia Blanco, Omar"]
[WhiteFideId "2034387"]
[BlackFideId "2287153"]
[WhiteElo "2586"]
[BlackElo "2273"]
[Result "1/2-1/2"]
[Round "02"]
[TimeControl "180+1"]
[Date "2021.05.04"]
[WhiteClock "0:00:04"]
[BlackClock "0:00:15"]

1. d4 Nf6 2. c4 c5 3. d5 b5 4. Nf3 g6 5. Nfd2 Bg7 6. e4 d6 7. cxb5 a6 8. Nc3 O-O 9. a4 Bb7 10. Be2 axb5 11. Bxb5 e6 12. Nc4 exd5 13. exd5 Nbd7 14. O-O Nb6 15. Nxb6 Qxb6 16. Re1 Ba6 17. Bf4 Nh5 18. Bg5 Bxb5 19. Nxb5 Rfe8 20. Rxe8+ Rxe8 21. Qd2 Nf6 22. Re1 Qb8 23. Bxf6 Bxf6 24. Rxe8+ Qxe8 25. g3 Qe4 26. Nxd6 Qxa4 27. Qe2 Qd7 28. Ne4 Bd4 29. Qd3 Qb7 30. b3 f5 31. Nd2 Qxd5 32. Qe2 Qe5 33. Qxe5 Bxe5 34. Kf1 Kf7 35. Ke2 Ke6 36. Kd3 Kd5 37. Nc4 Bc7 38. Ne3+ Ke5 39. Kc4 Ke4 40. Kxc5 Kf3 41. Nd5 Ba5 42. b4 Bxb4+ 43. Kxb4 Kxf2 44. Kc3 Kg2 45. Kd2 Kxh2 46. Nf6 h5 47. Ke1 Kxg3 48. Kf1 h4 49. Nh7 h3 50. Kg1 h2+ 51. Kh1 f4 52. Ng5 f3 53. Ne4+ Kf4 54. Nf2 Ke3 55. Ng4+ Ke2 56. Nxh2 g5 57. Kg1 Ke3 58. Kf1 Kf4 59. Kf2 g4 60. Nf1 Ke4 61. Kg3 Kd3 62. Kxg4 Ke2 63. Ng3+ Ke3 64. Nf1+ Kf2 65. Nh2 Kg2 66. Nxf3 1/2-1/2


[Site "https://www.chess.com"]

[Event "Titled Tuesday Blitz May 4 2021"]
[White "Hon, Eric"]
[Black "Tarasova, Viktoriya"]
[WhiteFideId "2097117"]
[BlackFideId "4175840"]
[WhiteElo "1961"]
[BlackElo "2182"]
[Result "0-1"]
[Round "02"]
[TimeControl "180+1"]
[Date "2021.05.04"]
[WhiteClock "0:01:55"]
[BlackClock "0:01:32"]

1. e4 e5 2. Nf3 Nc6 3. Bc4 Bc5 4. c3 Nf6 5. d3 d6 6. Bb3 a6 7. h3 h6 8. Nbd2 O-O 9. Nf1 Ba7 10. g4 d5 11. Qe2 dxe4 12. dxe4 Be6 13. Ng3 Bxb3 14. axb3 Nh7 15. Nf5 Re8 16. b4 Ne7 17. Be3 Bxe3 18. Qxe3 Ng6 19. Rd1 Qf6 20. O-O Nf4 21. Kh2 g6 22. Nxh6+ Kg7 23. g5 Nxg5 24. Nxg5 Qxg5 25. Ng4 Rh8 26. f3 Rxh3+ 27. Kg1 Rg3+ 28. Kf2 Qh4 29. Rh1 Rg2+ 30. Kf1 Qxh1+ 31. Qg1 Qxg1# 0-1


[Site "https://www.chess.com"]

[Event "Titled Tuesday Blitz May 4 2021"]
[White "Indjic, Aleksandar"]
[Black "Ognean, Mihnea-Ionut"]
[WhiteFideId "911925"]
[BlackFideId "1232347"]
[WhiteElo "2591"]
[BlackElo "2012"]
[Result "1-0"]
[Round "02"]
[TimeControl "180+1"]
[Date "2021.05.04"]
[WhiteClock "0:02:17"]
[BlackClock "0:00:58"]

1. d4 Nf6 2. c4 e6 3. Nc3 Bb4 4. Nf3 b6 5. Bg5 Bb7 6. e3 h6 7. Bh4 g5 8. Bg3 Ne4 9. Qc2 f5 10. Nd2 d6 11. Ndxe4 Bxe4 12. Qa4+ Nc6 13. f3 Bxc3+ 14. bxc3 b5 15. cxb5 f4 16. exf4 gxf4 17. Bf2 1-0


[Site "https://www.chess.com"]

[Event "Titled Tuesday Blitz May 4 2021"]
[White "Isajevsky, Anton"]
[Black "Maly, Alexey"]
[WhiteFideId "4142500"]
[BlackFideId "14103184"]
[WhiteElo "2510"]
[BlackElo "2314"]
[Result "1-0"]
[Round "02"]
[TimeControl "180+1"]
[Date "2021.05.04"]
[WhiteClock "0:00:11"]
[BlackClock "0:01:20"]

1. c4 c5 2. Nc3 Nc6 3. Nf3 g6 4. e3 Nf6 5. d4 cxd4 6. exd4 d5 7. Bg5 Ne4 8. cxd5 Nxc3 9. bxc3 Qxd5 10. Qb3 Qxb3 11. axb3 Bg7 12. Bb5 O-O 13. O-O e6 14. Bxc6 bxc6 15. Be7 Re8 16. Bc5 a6 17. b4 f6 18. Nd2 Kf7 19. Nc4 Rd8 20. Nb6 Rb8 21. Nxc8 Rdxc8 22. Rxa6 Rb7 23. Rfa1 Rcc7 24. Kf1 e5 25. dxe5 fxe5 26. Ke2 Ke6 27. Kd3 Kd5 28. c4+ Ke6 29. Ke4 Kf7 30. Rb6 Rxb6 31. Bxb6 Rd7 32. Ra7 Rxa7 33. Bxa7 Ke6 34. b5 cxb5 35. cxb5 Kd6 36. g4 Bh6 37. Be3 Bf8 38. h4 h5 39. gxh5 gxh5 40. Kf5 Be7 41. Bg5 Bf8 42. Kg6 Ke6 43. b6 Bd6 44. Kxh5 Kf5 45. Kh6 e4 46. b7 Kg4 47. h5 Kf5 48. Be3 Bb8 49. Kg7 Be5+ 50. Kf7 Bb8 51. h6 Be5 52. h7 Kg4 53. b8=Q Bxb8 54. h8=Q Bc7 55. Ke6 Kf3 56. Kd5 Ba5 57. Qf6+ Ke2 58. Kxe4 Be1 59. Qb2+ Kf1 60. Qc1 Ke2 61. Qc2+ Kf1 62. Kf3 Kg1 63. Qd1 Kh2 64. Qxe1 Kh3 65. Qh1# 1-0


[Site "https://www.chess.com"]

[Event "Titled Tuesday Blitz May 4 2021"]
[White "Ivanov, Mike"]
[Black "Kiseljova, Marya"]
[WhiteFideId "2613158"]
[BlackFideId "4155009"]
[WhiteElo "2197"]
[BlackElo "1797"]
[Result "1-0"]
[Round "02"]
[TimeControl "180+1"]
[Date "2021.05.04"]
[WhiteClock "0:00:12"]
[BlackClock "0:00:01"]

1. e4 c5 2. Nf3 Nc6 3. Bb5 g6 4. O-O Bg7 5. Re1 Nd4 6. Nxd4 cxd4 7. c3 a6 8. Ba4 b5 9. Bb3 e6 10. cxd4 Bxd4 11. Nc3 Qb6 12. Qe2 Ne7 13. d3 Bb7 14. Bh6 a5 15. a4 b4 16. Nb5 Ba6 17. e5 Bxb5 18. axb5 Nf5 19. Bg5 Qxb5 20. g4 Ne7 21. Qe4 Nc6 22. Ba4 Qd5 23. Bxc6 dxc6 24. Qf4 Rg8 25. Qf6 Ra7 26. Rac1 Bb6 27. Rc2 Bd8 28. Qf4 Bxg5 29. Qxg5 Rd7 30. Rec1 Rc7 31. Rc5 Qxd3 32. Rxa5 Kd7 33. Raa1 Kc8 34. Ra8+ Kb7 35. Rxg8 Qd4 36. h3 Qxb2 37. Rd1 1-0


[Site "https://www.chess.com"]

[Event "Titled Tuesday Blitz May 4 2021"]
[White "Izoria, Zviad"]
[Black "Chitlange Sakshi"]
[WhiteFideId "13601733"]
[BlackFideId "35002899"]
[WhiteElo "2626"]
[BlackElo "1787"]
[Result "1-0"]
[Round "02"]
[TimeControl "180+1"]
[Date "2021.05.04"]
[WhiteClock "0:01:24"]
[BlackClock "0:00:03"]

1. Nf3 d5 2. e3 Nf6 3. c4 e6 4. b3 Be7 5. Bb2 O-O 6. Nc3 c5 7. cxd5 Nxd5 8. h4 Bf6 9. Qc2 Nxc3 10. dxc3 e5 11. Bd3 h6 12. O-O-O Qc7 13. Ng5 a5 14. Bc4 e4 15. Qxe4 Rd8 16. Rxd8+ Qxd8 17. Nxf7 1-0


[Site "https://www.chess.com"]

[Event "Titled Tuesday Blitz May 4 2021"]
[White "Jacobson, Brandon"]
[Black "Iskusnyh, Sergei"]
[WhiteFideId "30901561"]
[BlackFideId "4120027"]
[WhiteElo "2362"]
[BlackElo "2492"]
[Result "1-0"]
[Round "02"]
[TimeControl "180+1"]
[Date "2021.05.04"]
[WhiteClock "0:00:09"]
[BlackClock "0:00:05"]

1. d4 d5 2. c4 c6 3. cxd5 cxd5 4. Nc3 e6 5. Bf4 Nc6 6. e3 Bd6 7. Bxd6 Qxd6 8. Nf3 Nge7 9. Bd3 O-O 10. O-O Bd7 11. Rc1 Rac8 12. Bb1 Rfd8 13. Na4 b6 14. Nc3 Be8 15. Bd3 Nb8 16. Qe2 Rc7 17. Rc2 Rdc8 18. Rfc1 f6 19. e4 Ng6 20. g3 dxe4 21. Nxe4 Qd8 22. Nc3 Nf8 23. d5 exd5 24. Nd4 Bf7 25. Qg4 Nbd7 26. Nf5 Ng6 27. f4 Nc5 28. Bf1 d4 29. Nb5 Rd7 30. b4 d3 31. Bxd3 Rxd3 32. bxc5 bxc5 33. Nfd6 Rxd6 34. Nxd6 Rc6 35. Nxf7 Kxf7 36. Qf3 Qd4+ 37. Qf2 Qd5 38. Rxc5 Rxc5 39. Rxc5 Qxa2 40. Qxa2+ Ke7 41. Qxa7+ 1-0


[Site "https://www.chess.com"]

[Event "Titled Tuesday Blitz May 4 2021"]
[White "Jarovinsky, Alexey"]
[Black "Meissner, Felix"]
[WhiteFideId "14115131"]
[BlackFideId "24671827"]
[WhiteElo "2446"]
[BlackElo "2390"]
[Result "1-0"]
[Round "02"]
[TimeControl "180+1"]
[Date "2021.05.04"]
[WhiteClock "0:00:29"]
[BlackClock "0:01:28"]

1. Nc3 g6 2. h4 h5 3. Nh3 Bg7 4. d4 d5 5. Ng5 c5 6. dxc5 Nf6 7. e4 e6 8. Bf4 O-O 9. Bd6 Re8 10. Nb5 Na6 11. Qd2 dxe4 12. O-O-O e3 13. fxe3 Ng4 14. Bc4 Qf6 15. c3 Bd7 16. Rhf1 Qd8 17. Rxf7 Bh6 18. Qd3 1-0


[Site "https://www.chess.com"]

[Event "Titled Tuesday Blitz May 4 2021"]
[White "Jian, Alex"]
[Black "Roque Sola, Gisela"]
[WhiteFideId "30901022"]
[BlackFideId "5120241"]
[WhiteElo "2084"]
[BlackElo "1863"]
[Result "1/2-1/2"]
[Round "02"]
[TimeControl "180+1"]
[Date "2021.05.04"]
[WhiteClock "0:00:03"]
[BlackClock "0:00:04"]

1. d4 Nf6 2. c4 e6 3. Nc3 Bb4 4. Qc2 O-O 5. a3 Bxc3+ 6. Qxc3 b6 7. Bg5 d6 8. f3 Nbd7 9. e4 e5 10. Nh3 h6 11. Be3 Re8 12. Be2 exd4 13. Bxd4 Ne5 14. Nf2 Bb7 15. O-O Nh5 16. Be3 Qh4 17. Qd2 Ng6 18. Nd3 Re6 19. Rf2 Rae8 20. g3 Qd8 21. Re1 Nf6 22. Bf1 Ne5 23. Nf4 R6e7 24. b3 g5 25. Nd5 Bxd5 26. cxd5 Ng6 27. Bb5 Nd7 28. Bd4 Qc8 29. Kg2 a6 30. Bc6 Nde5 31. Bxe8 Qxe8 32. f4 Ng4 33. Rfe2 gxf4 34. gxf4 Kh7 35. h3 Qd7 36. hxg4 Qxg4+ 37. Kh1 Nxf4 38. Rf2 Qh3+ 39. Kg1 Qg3+ 40. Kh1 Qh3+ 41. Rh2 Qf3+ 42. Kg1 f5 43. Rf1 Qg3+ 44. Rg2 Nh3+ 45. Kh1 Qh4 46. Qe1 Nf2+ 47. Kg1 Nh3+ 48. Kh2 Nf2+ 49. Kg1 Nh3+ 50. Kh1 Nf2+ 51. Kg1 1/2-1/2


[Site "https://www.chess.com"]

[Event "Titled Tuesday Blitz May 4 2021"]
[White "Josse, Mark"]
[Black "Aradhya, Garg"]
[WhiteFideId "414476"]
[BlackFideId "25006746"]
[WhiteElo "2261"]
[BlackElo "2146"]
[Result "0-1"]
[Round "02"]
[TimeControl "180+1"]
[Date "2021.05.04"]
[WhiteClock "0:00:53"]
[BlackClock "0:00:41"]

1. e4 e5 2. Nf3 Nc6 3. Bc4 Nf6 4. d4 exd4 5. e5 Ne4 6. Qe2 Nc5 7. O-O Be7 8. c3 d3 9. Qe3 O-O 10. b4 Ne6 11. Bxd3 d5 12. Rd1 a5 13. b5 Bc5 14. Qe2 Ne7 15. a4 Ng6 16. g3 c6 17. h4 f5 18. exf6 Qxf6 19. Kg2 Nef4+ 20. Bxf4 Nxf4+ 21. gxf4 Qxf4 22. Nd4 Bg4 23. f3 Rae8 24. Qd2 Bxf3+ 25. Nxf3 Qxf3+ 26. Kh2 Bd6+ 0-1


[Site "https://www.chess.com"]

[Event "Titled Tuesday Blitz May 4 2021"]
[White "Jumabayev, Rinat"]
[Black "Camlar, Arda"]
[WhiteFideId "13702661"]
[BlackFideId "44576692"]
[WhiteElo "2535"]
[BlackElo "2007"]
[Result "1-0"]
[Round "02"]
[TimeControl "180+1"]
[Date "2021.05.04"]
[WhiteClock "0:00:08"]
[BlackClock "0:00:06"]

1. d4 c5 2. d5 Nf6 3. Nc3 d6 4. e4 g6 5. Bb5+ Bd7 6. a4 a6 7. Bd3 Bg7 8. h3 O-O 9. Nf3 e6 10. O-O e5 11. Nd2 Bc8 12. Nc4 Nh5 13. a5 Nf4 14. Re1 f5 15. Bxf4 exf4 16. e5 dxe5 17. Nxe5 Bxe5 18. Rxe5 Nd7 19. Re1 Nf6 20. Bc4 Qd6 21. Na4 Bd7 22. Nb6 Rae8 23. Nxd7 Qxd7 24. Re6 Ne4 25. Qd3 Ng5 26. Rxe8 Rxe8 27. d6+ Kg7 28. Rd1 Ne4 29. Qd5 Kh6 30. h4 Qd8 31. d7 Qxh4 32. Rf1 f3 33. dxe8=Q Qg4 34. Qf8+ Kh5 35. Qdxf5+ gxf5 36. Bf7+ Kg5 37. Qg7+ Kf4 38. g3+ Nxg3 39. fxg3+ 1-0


[Site "https://www.chess.com"]

[Event "Titled Tuesday Blitz May 4 2021"]
[White "Kalashian, David"]
[Black "Melkevik, Johannes"]
[WhiteFideId "13302418"]
[BlackFideId "1501836"]
[WhiteElo "2490"]
[BlackElo "1727"]
[Result "1-0"]
[Round "02"]
[TimeControl "180+1"]
[Date "2021.05.04"]
[WhiteClock "0:00:26"]
[BlackClock "0:00:24"]

1. e4 b6 2. d4 Bb7 3. Nc3 e6 4. Nf3 Nf6 5. e5 Nd5 6. Bd3 c5 7. O-O cxd4 8. Nxd4 Nxc3 9. bxc3 d5 10. f4 Bc5 11. f5 exf5 12. Bxf5 Qe7 13. Qg4 Nd7 14. Bxd7+ Qxd7 15. Qxd7+ Kxd7 16. Rxf7+ Kc8 17. Rxg7 Re8 18. Bf4 Ba6 19. Rxh7 Bc4 20. a4 Rb8 21. h4 a6 22. h5 b5 23. axb5 Rxb5 24. Kh2 Rb6 25. h6 Rg6 26. Rg7 Rg8 27. Rxg6 Rxg6 28. h7 Rh6+ 29. Bxh6 1-0


[Site "https://www.chess.com"]

[Event "Titled Tuesday Blitz May 4 2021"]
[White "Kaminski, Victor"]
[Black "Amarasinghe, A A C B"]
[WhiteFideId "1131630"]
[BlackFideId "9901809"]
[WhiteElo "2181"]
[BlackElo "1778"]
[Result "1-0"]
[Round "02"]
[TimeControl "180+1"]
[Date "2021.05.04"]
[WhiteClock "0:02:02"]
[BlackClock "0:00:57"]

1. e4 c5 2. Nf3 Nc6 3. Bb5 g6 4. O-O Bg7 5. c3 Nf6 6. Re1 O-O 7. e5 Nd5 8. d4 cxd4 9. cxd4 d6 10. exd6 Qxd6 11. Nc3 Nxc3 12. bxc3 Bf5 13. a4 a6 14. Ba3 Qc7 15. Bxc6 Qxc6 16. Bxe7 Rfe8 17. Rc1 Bg4 18. h3 Bxf3 19. Qxf3 Qxf3 20. gxf3 Rac8 21. d5 Bxc3 22. Re3 Bd4 23. Rxc8 Rxc8 24. Rd3 Bc5 25. d6 Ra8 26. Bf6 Bb6 27. d7 Bd8 28. Re3 Bxf6 29. Re8+ Kg7 1-0


[Site "https://www.chess.com"]

[Event "Titled Tuesday Blitz May 4 2021"]
[White "Kapitanchuk, Tomas"]
[Black "Kraemer, Martin"]
[WhiteFideId "135046"]
[BlackFideId "4671910"]
[WhiteElo "1955"]
[BlackElo "2482"]
[Result "0-1"]
[Round "02"]
[TimeControl "180+1"]
[Date "2021.05.04"]
[WhiteClock "0:00:04"]
[BlackClock "0:00:04"]

1. e4 e5 2. Nf3 Nc6 3. d4 exd4 4. Nxd4 Nf6 5. Nxc6 bxc6 6. Qe2 d5 7. exd5+ Be7 8. dxc6 O-O 9. Nc3 Bg4 10. Qd3 Qc8 11. Be3 Rb8 12. Rb1 Bf5 13. Qd2 Bb4 14. Bd3 Ne4 15. Bxe4 Bxe4 16. O-O Bxc6 17. Bxa7 Bxg2 18. Qg5 Bxf1 19. Bxb8 Bh3 20. Nd5 h6 21. Qg3 Bc5 22. Bxc7 Be6 23. Be5 f6 24. Nxf6+ Kh8 25. Nd7 Qxd7 26. b4 Bb6 27. Rf1 Qf7 28. Qh4 Kh7 29. Bg3 Bc4 30. Re1 Bd8 31. Rd1 Kg8 32. Qd4 Be7 33. Qe3 Be6 34. Rd4 Bf6 35. Re4 Bxa2 36. Rf4 Bd5 37. Rf5 Re8 38. Qd2 Qe6 39. Rf4 Qe1+ 40. Qxe1 Rxe1# 0-1


[Site "https://www.chess.com"]

[Event "Titled Tuesday Blitz May 4 2021"]
[White "Kashtanov, Ruslan"]
[Black "Lopez Del Alamo, Antonio"]
[WhiteFideId "4124871"]
[BlackFideId "2227339"]
[WhiteElo "2233"]
[BlackElo "2098"]
[Result "0-1"]
[Round "02"]
[TimeControl "180+1"]
[Date "2021.05.04"]
[WhiteClock "0:00:01"]
[BlackClock "0:00:38"]

1. e4 c5 2. Nc3 e6 3. Nge2 Nc6 4. d4 cxd4 5. Nxd4 Nf6 6. Nxc6 bxc6 7. e5 Nd5 8. Ne4 Bb7 9. Be2 c5 10. O-O Qc7 11. Nd6+ Bxd6 12. exd6 Qc6 13. f3 Nb6 14. c4 Nc8 15. Bf4 f6 16. Bd3 e5 17. Be4 Qb6 18. Bxb7 Qxb7 19. Be3 Qc6 20. b4 cxb4 21. c5 O-O 22. Qb3+ Kh8 23. Qxb4 a5 24. Qe4 Na7 25. Rab1 Rfb8 26. Rb6 Qxe4 27. fxe4 Nc8 28. Rbb1 Kg8 29. a4 Kf7 30. Rb5 Na7 31. Rxa5 Nc6 32. Rxa8 Rxa8 33. Ra1 Ke6 34. Kf2 g6 35. Ke2 f5 36. Kd3 Nb4+ 37. Kc3 Nc6 38. Kb3 fxe4 39. Ka3 Kd5 40. Rd1+ Nd4 41. Rc1 Rb8 42. Rc3 Ra8 43. Rc1 Nf5 44. Rd1+ Kc6 45. Re1 Kd5 46. Bg1 Nd4 47. Rc1 Rb8 48. Rc3 Rb1 0-1


[Site "https://www.chess.com"]

[Event "Titled Tuesday Blitz May 4 2021"]
[White "Kazakouski, Valery"]
[Black "Sharapov, Evgeny"]
[WhiteFideId "13507443"]
[BlackFideId "14103133"]
[WhiteElo "2546"]
[BlackElo "2367"]
[Result "1-0"]
[Round "02"]
[TimeControl "180+1"]
[Date "2021.05.04"]
[WhiteClock "0:00:17"]
[BlackClock "0:00:33"]

1. d4 d5 2. c4 c6 3. cxd5 cxd5 4. Nc3 Nf6 5. Bg5 Nc6 6. Bxf6 gxf6 7. e3 e6 8. Bd3 Bg7 9. Nf3 O-O 10. O-O f5 11. Rc1 Bd7 12. a3 Rc8 13. b4 a5 14. b5 Ne7 15. Qb3 b6 16. Na4 Rxc1 17. Rxc1 Nc8 18. Ne5 Bxe5 19. dxe5 Na7 20. f4 Qb8 21. Nc3 Rc8 22. a4 Rc5 23. Ne2 Qc7 24. Rc3 Rxc3 25. Qxc3 Qxc3 26. Nxc3 Kf8 27. Kf2 Ke7 28. h3 Nc8 29. g4 fxg4 30. hxg4 h6 31. Kg3 f6 32. exf6+ Kxf6 33. e4 dxe4 34. Nxe4+ Ke7 35. Kh4 Be8 36. g5 hxg5+ 37. fxg5 Bg6 38. Kg4 Bf5+ 39. Kf4 Kf7 40. Nf2 Kg6 41. Ng4 Bxd3 42. Ne5+ Kg7 43. Nxd3 Ne7 44. Ke5 Nd5 45. Kxe6 Nc3 46. Nb2 Kg6 47. Kd6 Kxg5 48. Kc6 Kf6 49. Kxb6 Ke7 50. Kxa5 Kd7 51. Ka6 Kc7 52. Ka7 Nd5 53. a5 1-0


[Site "https://www.chess.com"]

[Event "Titled Tuesday Blitz May 4 2021"]
[White "Kett, Tim"]
[Black "Grieve, Harry"]
[WhiteFideId "1801210"]
[BlackFideId "426520"]
[WhiteElo "2098"]
[BlackElo "2191"]
[Result "1-0"]
[Round "02"]
[TimeControl "180+1"]
[Date "2021.05.04"]
[WhiteClock "0:00:56"]
[BlackClock "0:00:24"]

1. e4 c5 2. Nf3 e6 3. d4 cxd4 4. Nxd4 Nc6 5. Nc3 Qc7 6. Nb3 a6 7. Bd3 Nf6 8. O-O b5 9. Qe2 Bb7 10. Bg5 Be7 11. f4 d6 12. Kh1 h6 13. Bxf6 Bxf6 14. f5 Ne5 15. fxe6 fxe6 16. Nd4 Qd7 17. Qh5+ Qf7 18. Qh3 Ke7 19. Nce2 g5 20. Rad1 Rad8 21. Nf3 g4 22. Nxe5 g3 23. Nxf7 1-0


[Site "https://www.chess.com"]

[Event "Titled Tuesday Blitz May 4 2021"]
[White "Keymer, Vincent"]
[Black "Arias, Juan Cruz"]
[WhiteFideId "12940690"]
[BlackFideId "118540"]
[WhiteElo "2474"]
[BlackElo "2083"]
[Result "1-0"]
[Round "02"]
[TimeControl "180+1"]
[Date "2021.05.04"]
[WhiteClock "0:01:17"]
[BlackClock "0:00:09"]

1. Nf3 e6 2. c4 f5 3. g3 Nf6 4. Bg2 b6 5. O-O Bb7 6. b3 Be7 7. Bb2 O-O 8. d3 Qe8 9. Nbd2 Qh5 10. Re1 a5 11. a3 Na6 12. Qc2 Bc5 13. e3 Rab8 14. Bc3 Bd6 15. Qb2 Nc5 16. Qc2 Bc6 17. b4 Ba4 18. Qb1 Nb7 19. Qb2 c5 20. b5 Bc7 21. Rac1 Qh6 22. Nb1 Ng4 23. h3 Nxe3 24. Rxe3 f4 25. Re4 fxg3 26. fxg3 g6 27. Bd2 Qg7 28. Qxg7+ Kxg7 29. Bf4 Bxf4 30. Rxf4 Bb3 31. Nfd2 a4 32. Rxf8 Kxf8 33. Bxb7 Rxb7 34. Nc3 Ke7 35. Kf2 Rb8 36. Ke3 d5 37. cxd5 exd5 38. Nxb3 axb3 39. Nxd5+ Kd6 40. Nc3 Ra8 41. a4 Re8+ 42. Kd2 Rf8 43. Rb1 c4 44. dxc4 Kc5 45. Rxb3 Kxc4 46. Rb1 Rf2+ 47. Ke3 Rh2 48. Ne4 Rxh3 49. a5 1-0


[Site "https://www.chess.com"]

[Event "Titled Tuesday Blitz May 4 2021"]
[White "Kjartansson, David"]
[Black "Sanchez Alvares, Kelvin Antonio"]
[WhiteFideId "2301130"]
[BlackFideId "3906680"]
[WhiteElo "2292"]
[BlackElo "2247"]
[Result "1/2-1/2"]
[Round "02"]
[TimeControl "180+1"]
[Date "2021.05.04"]
[WhiteClock "0:00:41"]
[BlackClock "0:01:18"]

1. d4 Nf6 2. c4 e6 3. Nf3 c5 4. d5 exd5 5. cxd5 g6 6. Nc3 d6 7. e4 a6 8. a4 Bg4 9. h3 Bxf3 10. Qxf3 Bg7 11. Bd3 O-O 12. O-O Nbd7 13. Bf4 Qe7 14. Rfe1 Ne5 15. Qe3 Nxd3 16. Qxd3 Nd7 17. a5 Rac8 18. Bg3 c4 19. Qe2 Ne5 20. Bxe5 Bxe5 21. Ra4 Qc7 22. g3 Qc5 23. Kg2 Rfe8 24. h4 h5 25. Qf3 Rc7 26. Qe2 Rec8 27. Rc1 Qd4 28. Rd1 Qc5 29. Rc1 Qd4 30. Rd1 Qc5 31. Kf3 Rf8 32. Kg2 Rfc8 1/2-1/2


[Site "https://www.chess.com"]

[Event "Titled Tuesday Blitz May 4 2021"]
[White "Klimkowski, Jan"]
[Black "Sevian, Samuel"]
[WhiteFideId "21856222"]
[BlackFideId "2040506"]
[WhiteElo "1903"]
[BlackElo "2966"]
[Result "1/2-1/2"]
[Round "02"]
[TimeControl "180+1"]
[Date "2021.05.04"]
[WhiteClock "0:00:03"]
[BlackClock "0:00:12"]

1. e4 c5 2. Nf3 e6 3. d4 cxd4 4. Nxd4 Nc6 5. Nc3 a6 6. Be3 Nf6 7. Be2 Be7 8. O-O d6 9. f4 O-O 10. Qe1 Bd7 11. Qg3 Nxd4 12. Bxd4 Bc6 13. Bd3 g6 14. Rae1 Nh5 15. Qf2 Nxf4 16. Qxf4 e5 17. Qf2 exd4 18. Qxd4 Bg5 19. Nd5 Bxd5 20. Qxd5 Rc8 21. Qxb7 a5 22. b3 Rc7 23. Qb6 Kg7 24. Bc4 Qe7 25. Qxa5 Bf6 26. Kh1 Be5 27. g3 h5 28. Qd2 h4 29. g4 h3 30. g5 f6 31. gxf6+ Rxf6 32. Rxf6 Bxf6 33. Qe3 Qd7 34. Rg1 Rc5 35. Rg3 Re5 36. Rxh3 Bg5 37. Qf3 Qe7 38. Rg3 Bf6 39. Rg4 Rh5 40. Qg2 g5 41. Be2 Qe5 42. a4 Qa1+ 43. Qg1 Qb2 44. Bd1 Kh6 45. Rg2 Rh4 46. Rg4 Rh5 47. Rg2 Rh4 48. Rg4 Bd4 49. Rxh4+ gxh4 50. Qg4 Bf6 51. Qf4+ Kg7 52. Qg4+ Kf8 53. Qc8+ Kg7 54. Qd7+ Kh6 55. Qf5 Qa1 56. Qh5+ Kg7 57. Kg2 Qc1 58. Qg4+ Kh6 59. a5 Qd2+ 60. Kh3 Qxa5 61. Qf4+ Kg7 62. Qg4+ Kh6 63. Qf4+ Kg7 64. Qg4+ Kf8 65. Qc8+ Kf7 66. Qd7+ Kg8 67. Qc8+ Kg7 68. Qg4+ 1/2-1/2


[Site "https://www.chess.com"]

[Event "Titled Tuesday Blitz May 4 2021"]
[White "Kokoszczynski, Jan"]
[Black "Banawa, Joel"]
[WhiteFideId "1174460"]
[BlackFideId "2024055"]
[WhiteElo "2166"]
[BlackElo "2668"]
[Result "0-1"]
[Round "02"]
[TimeControl "180+1"]
[Date "2021.05.04"]
[WhiteClock "0:00:11"]
[BlackClock "0:00:42"]

1. d4 Nf6 2. c4 g6 3. Nc3 Bg7 4. Nf3 O-O 5. g3 d6 6. Bg2 Nc6 7. O-O Bg4 8. h3 Bxf3 9. Bxf3 Nd7 10. e3 e5 11. d5 Ne7 12. e4 f5 13. h4 Nf6 14. Kg2 c6 15. h5 cxd5 16. cxd5 b5 17. a3 a5 18. Bg5 b4 19. axb4 axb4 20. Rxa8 Qxa8 21. Nb5 fxe4 22. Bxe4 Qb8 23. Bxf6 Bxf6 24. Qd3 Kg7 25. Rc1 Bg5 26. Rc7 Qb6 27. f3 Rc8 28. Rxc8 Nxc8 29. Qc4 Ne7 30. hxg6 hxg6 31. Qc7 Qxb5 32. Qxd6 Qe2+ 33. Kh3 Qf1+ 34. Kg4 Bf6 35. Qe6 Qh1 36. Bxg6 Kxg6 0-1


[Site "https://www.chess.com"]

[Event "Titled Tuesday Blitz May 4 2021"]
[White "Kollars, Dmitrij"]
[Black "Diaz Perez, Michel Alejandro"]
[WhiteFideId "12909572"]
[BlackFideId "3517179"]
[WhiteElo "2576"]
[BlackElo "2337"]
[Result "1-0"]
[Round "02"]
[TimeControl "180+1"]
[Date "2021.05.04"]
[WhiteClock "0:01:43"]
[BlackClock "0:00:36"]

1. Nf3 Nf6 2. d4 e6 3. Bg5 h6 4. Bh4 g5 5. Bg3 Ne4 6. Nbd2 Nxg3 7. hxg3 Bg7 8. c3 d6 9. e4 Nd7 10. Bd3 c5 11. Nc4 Qe7 12. Ne3 b6 13. Qe2 Bb7 14. O-O-O O-O 15. Kb1 cxd4 16. cxd4 Rac8 17. Ng4 Nf6 18. Nxh6+ Bxh6 19. Rxh6 Kg7 20. Rdh1 g4 21. Qe3 Rg8 22. Ng5 Kf8 23. Rxf6 1-0


[Site "https://www.chess.com"]